 Dungeon Crawl Stone Soup version 0.29-a0-275-g389c0b56f3 (webtiles) character file.

Game seed: 11927992528878680361

32 siradein the Bolt Thrower (level 3, 0/31 HPs)
             Began as a Hill Orc Hunter on Mar 9, 2022.
             Succumbed to an adder's poison
             ... on level 1 of the Dungeon.
             The game lasted 00:02:21 (735 turns).

siradein the Bolt Thrower (Hill Orc Hunter)          Turns: 735, Time: 00:02:22

Health: 0/31       AC:  3    Str: 13 (14) XL:     3   Next: 27%
Magic:  3/3        EV: 11    Int: 15 (17) God:
Gold:   24         SH:  0    Dex: 10 (13) Spells: 2/2 levels left

rFire   . . .      SeeInvis .   a - +1 hand crossbow
rCold   . . .      Faith    .   (no shield)
rNeg    . . .      Spirit   .   b - +0 leather armour
rPois   .          Reflect  .   (no helmet)
rElec   .          Harm     .   (no cloak)
rCorr   .          Rampage  .   (no gloves)
Will    .....                   (no boots)
Stlth   +.........              (no amulet)
HPRegen 0.10/turn               l - +6 ring of intelligence
MPRegen 0.08/turn               (no ring)

@: lethally poisoned (0 -> -4)
A: no striking features
a: no special abilities


You were on level 1 of the Dungeon.
You visited 1 branch of the dungeon, and saw 2 of its levels.

You collected 24 gold pieces.

Inventory:

Hand Weapons
 a - a +1 hand crossbow (weapon)
Armour
 b - a +0 leather armour (worn)
Jewellery
 l - a +6 ring of intelligence (left hand)
Scrolls
 c - a scroll of immolation
 d - a scroll of summoning {unknown}
 h - a scroll of noise {unknown}
 i - a scroll of identify {unknown}
 j - a scroll of vulnerability {unknown}
 k - 3 scrolls of teleportation {unknown}
Potions
 f - a potion of berserk rage {unknown}
 g - a potion of magic {unknown}
 m - a potion of mutation {unknown}


   Skills:
 + Level 3.0 Fighting
 * Level 4.1 Crossbows
 + Level 2.0 Dodging
 - Level 0.7 Stealth


You had 2 spell levels left.
You didn't know any spells.
Your spell library contained the following spells:

 Spells                   Type           Power      Damage    Failure   Level
 Foxfire                  Conj/Fire      0%         2x1d4     34%         1


Dungeon Overview and Level Annotations

Branches:
Dungeon (2/15)

Altars:

Shops:
D:2 :


Message History

You are too injured to fight recklessly!
You are too injured to fight recklessly!
Shoot: a) +1 hand crossbow
Press: ? - help, Q - select action Shift-Dir - straight line, f/p - adder
Aim: an adder (almost dead, 46% to hit)
You shoot a bolt. The bolt barely misses the adder.
You feel very sick. The adder closely misses you. The adder bites you.
* * * LOW HITPOINT WARNING * * *
You are lethally poisoned!
The adder poisons you!
Shoot: a) +1 hand crossbow
Press: ? - help, Q - select action Shift-Dir - straight line, f/p - adder
Aim: an adder (almost dead, 46% to hit)
You shoot a bolt. The bolt closely misses the adder.
* * * LOW HITPOINT WARNING * * *
You feel very sick. The adder closely misses you. The adder bites you.
* * * LOW HITPOINT WARNING * * *
Shoot: a) +1 hand crossbow
Press: ? - help, Q - select action Shift-Dir - straight line, f/p - adder
Aim: an adder (almost dead, 46% to hit)
You shoot a bolt. The bolt hits the adder.
The adder is almost dead.
* * * LOW HITPOINT WARNING * * *
You feel sick. The adder barely misses you.
Shoot: a) +1 hand crossbow
Press: ? - help, Q - select action Shift-Dir - straight line, f/p - adder
Aim: an adder (almost dead, 46% to hit)
You shoot a bolt. The bolt hits the adder.
You kill the adder!
* * * LOW HITPOINT WARNING * * *
You feel sick.
Your Fighting skill increases to level 3!
Your Dodging skill increases to level 2!
There is a lethal amount of poison in your body!
It was a potion of degeneration.
There was something very wrong with that liquid.
You feel weakened.
You feel dopey.
You feel clumsy.
You die...

#..#P#PP...#.#...##.........
#.#.#P#####.#.#..##.........
#.#P#.#._.#.#.#..'.........)
#..^^.^..^^..^^..##.........
#...............###.....>..|
######.#..).....######
#.........
.....................#
#.........
......†..............#
#.........
..........#####.@....#
#...[..... ..........#
#......# #.........
..........# #......#
###.#..... ###########
#......# #.#.#### #......#
#.#..... #......# #.#.....
######## #.###### #.......
########


There were no monsters in sight!

Vanquished Creatures
  An adder (D:1)
  4 ball pythons
  3 giant cockroaches (D:1)
  5 goblins
  2 hobgoblins (D:1)
  A quokka (D:1)
  A bat (D:1)
  2 frilled lizards (D:1)
  A kobold (D:1)
  5 rats (D:1)
25 creatures vanquished.

Notes
Turn   | Place    | Note
-------+----------+-------------------------------------------
     0 | D:1      | siradein the Hill Orc Hunter began the quest for the Orb.
     0 | D:1      | Reached XP level 1. HP: 18/18 MP: 1/1
    37 | D:1      | Reached XP level 2. HP: 24/25 MP: 2/2
   293 | D:1      | Found a faded altar of an unknown god.
   305 | D:1      | Reached skill level 4 in Crossbows
   327 | D:1      | Got Plato's Catalogue of Conjuration
   698 | D:2      | Found Itti Awk's Book Boutique.
   705 | D:2      | Reached XP level 3. HP: 30/30 MP: 3/3
   734 | D:1      | HP: 1/30 [poisoned by an adder]
   735 | D:1      | Succumbed to an adder's poison

Illustrated notes

Levels and vault maps discovered:
D:1:      giann_forest_graveyard, layout_basic,
          shapermc_ecumenical_altar_rom_forum
D:2:      layout_basic, serial_shops, nicolae_diamond_shop

Skill      XL: |  1  2  3 |
---------------+----------+-----
Crossbows      | 4 |  4.1
Fighting       | 3 |  3.0
Dodging        | 2 |  2.0
Stealth        | |  0.7

Action                   || total
-------------------------++-------
 Fire: Hand crossbow     ||    63
  Use: Potion            ||     1
Armor: Leather armour    ||    12
Dodge: Dodged            ||    31

Table legend: (Time is in decaauts)
 A = Elapsed time spent in this place.
 B = Non-inter-level travel time spent in this place.
 C = Inter-level travel time spent in this place.
 D = Time resting spent in this place.
 E = Time spent auto-exploring this place.
 F = Levels seen in this place.
 G = Mean time per level.
                   A        B        C        D        E       F      G
               +--------+--------+--------+--------+--------+-----+--------+
         Total |    756 |    711 |     45 |      0 |    546 |   2 |  378.0 |
       Dungeon |    756 |    711 |     45 |      0 |    546 |   2 |  378.0 |
               +--------+--------+--------+--------+--------+-----+--------+

Top non-repeatable levels by time:
     D:1: 677 daAuts
     D:2: 79 daAuts
